 Dungeon Crawl Stone Soup version 0.28-a0-1087-gf3fc490d9d (webtiles) character file.

Game seed: 12345599275030029622

1160 Zdeegee the Grave Robber (level 8, -1/58 HPs)
             Began as a Demonspawn Necromancer on Dec 9, 2021.
             Was an Initiate of Yredelemnul.
             Slain by a wyvern zombie (11 damage)
             ... on level 6 of the Dungeon on Dec 11, 2021.
             The game lasted 00:23:20 (8485 turns).

Zdeegee the Grave Robber (Demonspawn Necromancer)   Turns: 8485, Time: 00:23:21

Health: -1/58      AC:  6    Str:  9    XL:     8   Next: 16%
Magic:  5/15       EV: 13    Int: 18    God:    Yredelemnul [......]
Gold:   238        SH:  0    Dex: 14    Spells: 3/17 levels left

rFire   . . .      SeeInvis .   b - +0 dagger
rCold   . . .      Faith    .   (no shield)
rNeg    . . .      Spirit   .   a - +1 robe
rPois   .          Reflect  .   (no helmet)
rElec   .          Harm     .   (no cloak)
rCorr   .          Rampage  .   (no gloves)
Will    .....                   (no boots)
Stlth   ++........              e - amulet of the acrobat
HPRegen 0.19/turn               (no ring)
MPRegen 0.14/turn               (no ring)

@: mesmerised
A: claws 2, molten scales 2, talons 1, wild magic 2
a: Renounce Religion, Recall Undead Harvest


You were on level 6 of the Dungeon.
You worshipped Yredelemnul.
Yredelemnul was noncommittal.
You visited 2 branches of the dungeon, and saw 7 of its levels.

You collected 238 gold pieces.

Inventory:

Hand Weapons
 b - a +0 dagger (weapon)
 f - a +1 vorpal spear
 i - a +0 hunting sling
Missiles
 d - a throwing net
 h - 38 sling bullets
 j - 167 stones
 q - 11 atropa-tipped darts
Armour
 a - a +1 robe (worn)
 g - a +0 ring mail of willpower
Magical Staves
 u - a staff of cold
Jewellery
 e - an amulet of the acrobat (around neck)
Wands
 v - a wand of acid (10)
Scrolls
 m - a scroll of amnesia {unknown}
 s - 3 scrolls of identify
 t - 2 scrolls of teleportation {unknown}
 w - a scroll of vulnerability {unknown}
 x - a scroll of blinking {unknown}
Potions
 c - a potion of ambrosia {unknown}
 k - a potion of resistance {unknown}
 l - a potion of magic {unknown}
 n - a potion of mutation
 o - a potion of invisibility {unknown}
 p - a potion of attraction
 r - a potion of curing
 z - 2 potions of degeneration {unknown}


   Skills:
 * Level 3.0 Fighting
 + Level 0.7 Short Blades
 * Level 2.4 Armour
 * Level 3.2 Dodging
 + Level 2.3 Stealth
 * Level 5.0 Spellcasting
 * Level 2.6 Conjurations
 * Level 7.0 Necromancy
 + Level 0.3 Evocations


You had 3 spell levels left.
You knew the following spells:

 Your Spells              Type           Power      Damage    Failure   Level
a - Pain                  Necr           100%       1d9       3%          1
b - Animate Skeleton      Necr           94%        N/A       3%          1
c - Vampiric Draining     Necr           47%        2d9       7%          3
d - Animate Dead          Necr           23%        N/A       17%         4
e - Excruciating Wounds   Necr           23%        N/A       36%         5

Your spell library contained the following spells:

 Spells                   Type           Power      Damage    Failure   Level
 Portal Projectile        Hex/Tloc       14%        N/A       54%         3
 Agony                    Necr           47%        N/A       36%         5
 Blade Hands              Tmut           3%         N/A       99%         5


Dungeon Overview and Level Annotations

Branches:
Dungeon (6/15)             Temple (1/1) D:6

Altars:
Ashenzari
Cheibriados
Dithmenos
Elyvilon
Fedhas
Gozag
Kikubaaqudgha
Makhleb
Nemelex Xobeh
Okawaru
Qazlal
Ru
Sif Muna
Trog
Uskayaw
Vehumet
Wu Jian
Xom
Yredelemnul
Zin
The Shining One

Annotations:
D:2 1 runed translucent door, Crazy Yiuf
D:5 1 runed translucent door, EPluribusUnum's ghost, novice DsFi
D:6 Maggie


Innate Abilities, Weirdness & Mutations

You have very sharp fingernails.
You are mostly covered in molten scales. (AC +3)
You have sharp toenails.
Your spells are harder to cast, but more powerful.


Message History

Maggie barely resists.
Maggie hits your adder zombie with a +2 vorpal broad axe!!
Your adder zombie is destroyed!
Maggie casts a spell.
Maggie attempts to bespell you! You resist with some effort.
The wyvern zombie bites you. Maggie closely misses you.
The wyvern zombie misses you.
Casting: Pain (safe; 3% risk of failure)
Confirm with . or Enter, or press ? or * to list all spells.
Aiming: Vampiric Draining (dangerous; 7% risk of failure)
Press: ? - help, Shift-Dir - straight line, f/p - Maggie
Aim: Maggie, wielding a +2 vorpal broad axe and wearing +0 steam dragon scales (lightly wounded)
You draw life force from Maggie!
You feel life coursing into your body!
Maggie mumbles some strange words.
Maggie attempts to bespell you!
You are mesmerised by Maggie!
The wyvern zombie bites you.
Casting: Vampiric Draining (dangerous; 7% risk of failure)
Confirm with . or Enter, or press ? or * to list all spells.
Aiming: Vampiric Draining (dangerous; 7% risk of failure)
Press: ? - help, Shift-Dir - straight line, f/p - Maggie
Aim: Maggie, wielding a +2 vorpal broad axe and wearing +0 steam dragon scales (moderately wounded, mesmerising)
You draw life force from Maggie!
You feel life coursing into your body.
The wyvern zombie completely misses you.
Maggie gestures at you while chanting. The bolt of fire hits you!!
* * * LOW HITPOINT WARNING * * *
Casting: Vampiric Draining (dangerous; 7% risk of failure)
Confirm with . or Enter, or press ? or * to list all spells.
Aiming: Vampiric Draining (dangerous; 7% risk of failure)
Press: ? - help, Shift-Dir - straight line, f/p - Maggie
Aim: Maggie, wielding a +2 vorpal broad axe and wearing +0 steam dragon scales (heavily wounded, mesmerising)
You draw life force from Maggie!
You feel life coursing into your body. The wyvern zombie bites you!
* * * LOW HITPOINT WARNING * * *
Maggie mumbles some strange words.
Maggie draws you further into her thrall.
The wyvern zombie bites you!
You die...
Your body rises from the dead as a mindless zombie.

#.###+####+#
#.#.........
#.#.........
#.#.........
#...#..... ..
##.#.#..# ...
#.....#.#
...+..#.#...###
......#.###.@@##
.....##...###Z......
#....#........#.....
.#...##..>..##.......
...#........#..## #..
#...###...##.## .
......###.#..# ##
#...#.#..# #........#


You could see Maggie (mesmerising) and a wyvern zombie.

Vanquished Creatures
  A steam dragon (D:5)
  2 ogres (D:5)
  A necrophage (D:3)
  A sky beast (D:5)
  Blork the orc (D:4)
  A wyvern zombie (D:5)
  A scorpion (D:5)
  A water moccasin zombie (D:5)
  A bullfrog zombie (D:5)
  A bullfrog skeleton (D:5)
  2 hounds
  3 orc priests (D:5)
  3 iguanas
  A killer bee zombie (D:4)
  8 gnolls (D:4)
  4 adders
  A white imp (D:5)
  An adder zombie (D:5)
  2 worms (D:2)
  2 dart slugs (D:2)
  An orc (D:5)
  5 giant cockroaches
  6 goblins
  A hobgoblin (D:4)
  6 kobolds
  2 quokkas
  7 ball pythons
  6 bats
  2 frilled lizards
  2 rats
76 creatures vanquished.

Vanquished Creatures (collateral kills)
  A hobgoblin (D:1)
1 creature vanquished.

Vanquished Creatures (others)
  An adder zombie (D:6)
1 creature vanquished.

Grand Total: 78 creatures vanquished

Notes
Turn   | Place    | Note
-------+----------+-------------------------------------------
     0 | D:1      | Zdeegee the Demonspawn Necromancer began the quest for the
                  | Orb.
     0 | D:1      | Reached XP level 1. HP: 13/13 MP: 3/3
   371 | D:1      | Learned a level 1 spell: Animate Skeleton
   429 | D:1      | Gained mutation: You are partially covered in molten
                  | scales. (AC +2) [demonic ancestry]
   429 | D:1      | Reached XP level 2. HP: 17/19 MP: 3/5
  1050 | D:2      | Found a runed translucent door.
  1055 | D:2      | Noticed Crazy Yiuf
  1849 | D:2      | Gained mutation: You are mostly covered in molten scales.
                  | (AC +3) [demonic ancestry]
  1849 | D:2      | Reached XP level 3. HP: 18/24 MP: 0/6
  2006 | D:2      | Learned a level 3 spell: Vampiric Draining
  2121 | D:2      | Reached skill level 5 in Necromancy
  3858 | D:4      | Noticed Blork the orc
  3863 | D:4      | Killed Blork the orc
  3863 | D:4      | Noticed a necrophage
  3864 | D:4      | Reached skill level 1 in Fighting
  3864 | D:4      | Reached XP level 4. HP: 29/32 MP: 3/8
  3977 | D:3      | Killed a necrophage
  3978 | D:3      | Reached skill level 1 in Armour
  3978 | D:3      | Reached skill level 1 in Conjurations
  3978 | D:3      | Reached XP level 5. HP: 26/37 MP: 9/9
  4179 | D:3      | Learned a level 4 spell: Animate Dead
  4232 | D:4      | Gained mutation: You are frail. (-10% HP) [potion of
                  | mutation]
  4233 | D:4      | Lost mutation: You are frail. (-10% HP) [potion of
                  | mutation]
  4233 | D:4      | Gained mutation: Your spells are a little harder to cast,
                  | but a little more powerful. [potion of mutation]
  4233 | D:4      | Gained mutation: Your spells are harder to cast, but more
                  | powerful. [potion of mutation]
  4233 | D:4      | Gained mutation: You have sharp toenails. [potion of
                  | mutation]
  4469 | D:4      | Gained mutation: You have sharp fingernails. [demonic
                  | ancestry]
  4469 | D:4      | Reached XP level 6. HP: 39/44 MP: 4/11
  4545 | D:4      | You fall into a shaft and drop 1 floor!
  4545 | D:5      | Entered Level 5 of the Dungeon
  4583 | D:5      | Reached skill level 6 in Necromancy
  5272 | D:5      | Noticed a sky beast
  5297 | D:5      | Killed a sky beast
  5298 | D:5      | Reached XP level 7. HP: 10/51 MP: 3/13
  6747 | D:5      | Noticed a steam dragon
  6757 | D:5      | Killed a steam dragon
  7255 | D:5      | Found a runed translucent door.
  7255 | D:5      | Noticed EPluribusUnum's ghost (novice DsFi)
  7539 | D:5      | Gained mutation: You have very sharp fingernails. [demonic
                  | ancestry]
  7539 | D:5      | Reached XP level 8. HP: 54/57 MP: 6/15
  7796 | D:5      | Upgraded the game from 0.28-a0-1080-g05a166d0ed to
                  | 0.28-a0-1087-gf3fc490d9d
  7926 | D:5      | Reached skill level 5 in Spellcasting
  7926 | D:5      | Reached skill level 7 in Necromancy
  7932 | D:5      | Learned a level 5 spell: Excruciating Wounds
  8120 | D:6      | Found a staircase to the Ecumenical Temple.
  8188 | Temple   | Entered the Ecumenical Temple
  8262 | Temple   | Became a worshipper of Yredelemnul the Dark
  8475 | D:6      | Noticed Maggie
  8485 | D:6      | Slain by a wyvern zombie

Illustrated notes

Levels and vault maps discovered:
D:1:      lemuel_arrival_lava_pool, layout_basic, minmay_misc_feat_five
D:2:      layout_loops_corners, grunt_decor_clamped, uniq_crazy_yiuf_cottage
D:3:      layout_basic
D:4:      layout_basic, serial_curves, eino_curves_03, eino_curves_03,
          uniq_blork_the_orc
D:5:      layout_basic, gammafunk_ghost_grave
D:6:      layout_basic, minmay_temple_entry_slanted, uniq_maggie, uniq_pikel,
          uniq_eustachio, uniq_menkaure, uniq_grinder, uniq_sigmund
Temple:   mainiacjoe_temple_archimedes_tessellation

Skill      XL: |  1  2  3  4  5  6  7  8 |
---------------+-------------------------+-----
Necromancy     | 5 6 7 |  7.0
Fighting       | 1 2 3 |  3.0
Dodging        | 2 3 |  3.2
Stealth        | 2 |  2.3
Armour         | 1 2 |  2.4
Spellcasting   | 3 4 5 |  5.0
Conjurations   | 1 2 |  2.6
Short Blades   | |  0.7
Evocations     | |  0.3

Action                   |  1- 3 |  4- 6 |  7- 9 || total
-------------------------+-------+-------+-------++-------
Melee: Unarmed           |    11 |       |       ||    11
       Dagger            |     8 |    17 |    78 ||   103
       Kick              |       |     4 |    20 ||    24
 Cast: Pain              |    82 |    26 |    56 ||   164
       Animate Skeleton  |     2 |       |       ||     2
       Vampiric Draining |       |     3 |    17 ||    20
       Animate Dead      |       |       |     2 ||     2
Evoke: Wand              |     2 |     9 |     1 ||    12
  Use: Scroll            |       |     5 |     2 ||     7
       Potion            |       |     2 |     2 ||     4
 Stab: Sleeping          |       |       |     1 ||     1
Armor: Robe              |    17 |     9 |    32 ||    58
Dodge: Dodged            |    48 |    20 |    89 ||   157

Table legend: (Time is in decaauts)
 A = Elapsed time spent in this place.
 B = Non-inter-level travel time spent in this place.
 C = Inter-level travel time spent in this place.
 D = Time resting spent in this place.
 E = Time spent auto-exploring this place.
 F = Levels seen in this place.
 G = Mean time per level.
                   A        B        C        D        E       F      G
               +--------+--------+--------+--------+--------+-----+--------+
         Total |   8489 |   8285 |    204 |   2632 |   4632 |   7 | 1212.7 |
       Dungeon |   8229 |   8055 |    174 |   2632 |   4428 |   6 | 1371.5 |
        Temple |    259 |    229 |     30 |      0 |    204 |   1 |  259.0 |
               +--------+--------+--------+--------+--------+-----+--------+

Top non-repeatable levels by time:
     D:5: 2370 daAuts
     D:2: 1586 daAuts
     D:3: 1563 daAuts
     D:4: 1364 daAuts
     D:1: 1197 daAuts
  Temple: 259 daAuts
     D:6: 148 daAuts
